AoeStats
← Dniskhan

Arabia

510819282Analyzed
3v3 RM · 22h ago on Oct 2, 2026· 29m 8s· 6 players
Game mode
Random Map
Map size
Normal (6 player)
Population
200
Speed
Normal
Resources
Standard
Victory
Conquest
Starting age
Dark Age
Ending age
Imperial Age
RankedLock teamsTeams togetherTeam positionsShared explorationLock speedFull tech treeHidden civsTurbo modeCheats
Victory
Defeat
🇩🇪 Cumans · Germany
1141
+15
🇧🇪 Franks · Belgium
1081
+17
🇧🇪 Ethiopians · Belgium
1069
+18
🇩🇪 Mongols · Germany
1133
-18
🇩🇪 Persians · Germany
1110
-17
🇩🇪 Ethiopians · Germany
1080
-15
Dniskhan
9:22 Feudal Age
8:23 Loom
9:59 Double-Bit Axe
14:04 Horse Collar
17:27 Scale Barding Armor
18:10 Forging
19:59 Bloodlines
20:58 Wheelbarrow
26:13 Castle Age
27:04 Husbandry
26:27 Light Cavalry
Chrille
6:55 Loom
9:27 Feudal Age
10:00 Double-Bit Axe
11:19 Horse Collar
16:59 Wheelbarrow
20:34 Castle Age
18:53 Gold Mining
21:13 Bow Saw
22:02 Heavy Plow
Dr. LapuLapu
7:11 Loom
9:56 Feudal Age
10:29 Double-Bit Axe
28:28 Castle Age
Zarapacabo
7:36 Loom
9:48 Feudal Age
10:51 Double-Bit Axe
16:21 Scale Barding Armor
23:17 Castle Age
22:05 Gold Mining
22:43 Forging
23:37 Wheelbarrow
25:07 Chain Barding Armor
24:49 Fletching
27:59 Hand Cart
27:59 Bow Saw
theotherside
7:41 Loom
10:14 Feudal Age
11:47 Double-Bit Axe
16:46 Horse Collar
24:04 Castle Age
22:19 Gold Mining
23:20 Bloodlines
23:22 Fletching
23:38 Scale Barding Armor
25:06 Wheelbarrow
25:18 Chain Barding Armor
27:24 Bodkin Arrow
BORAKMAN
11:21 Feudal Age
9:38 Loom
11:27 Feudal Age
21:31 Castle Age
20:24 Gold Mining
20:23 Double-Bit Axe
20:24 Horse Collar
21:55 Padded Archer Armor
21:47 Crossbowman
22:32 Fletching
Connection lost

Rejoining the realm…

Still unreachable

The connection could not be restored.

Session expired

The server has moved on; the page needs a fresh start.